 Dungeon Crawl Stone Soup version 0.27-a0-1591-gc56fcc985a (webtiles) character file.

Game seed: 3917250426703376721

22079 Anon1729 the Carver (level 12, -1/110 HPs)
             Began as a Minotaur Monk on July 20, 2021.
             Was the Champion of Fedhas.
             Slain by a freezing wraith (18 damage)
             ... in an ice cave.
             The game lasted 00:37:23 (24666 turns).

Anon1729 the Carver (Minotaur Monk)                Turns: 24666, Time: 00:37:24

Health: -1/110     AC:  8    Str: 22    XL:     12   Next: 59%
Magic:  15/18      EV: 19    Int:  7    God:    Fedhas [******]
Gold:   1842       SH:  5    Dex: 21    Spells: 16/16 levels left

rFire    . . .     SeeInvis +   z - +2 triple sword (elec)
rCold    . . .     Faith    .   (shield currently unavailable)
rNeg     . . .     Spirit   .   E - +1 leather armour of the Bulwark {rElec Dex+5 Stlth-}
rPois    +         Reflect  +   (helmet restricted)
rElec    +         Harm     .   (no cloak)
rCorr    .         Rampage  .   (no gloves)
Will     .....                  O - +2 pair of boots "Axomecho" {Dex+4}
Stlth    +.........             v - amulet of reflection
HPRegen  0.28/turn              t - ring of poison resistance
MPRegen  0.16/turn              B - ring of see invisible

@: slowed, very slow
A: horns 2, retaliatory headbutt
a: Renounce Religion, Wall of Briars, Grow Ballistomycete, Overgrow, Grow Oklob


You were in an ice cave.
You worshipped Fedhas.
Fedhas was exalted by your worship.
You visited 2 branches of the dungeon, and saw 14 of its levels.
You also visited: Sewer and Ice Cave.

You collected 1842 gold pieces.

Inventory:

Hand Weapons
 a - a +0 falchion
 p - a +2 short sword of holy wrath
 z - a +2 triple sword of electrocution (weapon)
 G - a +6 short sword of draining
Missiles
 n - 2 curare-tipped darts (quivered)
Armour
 b - a +0 robe
 E - the +1 leather armour of the Bulwark (worn) {rElec Dex+5 Stlth-}
   (You found it on level 7 of the Dungeon)

   Dex:       It affects your dexterity (+5).
   rElec:     It insulates you from electricity.
   Stlth:     It makes you less stealthy.
 L - +0 acid dragon scales
 M - a +0 pair of boots
 O - the +2 pair of boots "Axomecho" (worn) {Dex+4}
   (You found it on level 2 of the Lair of Beasts)

   Dex:       It affects your dexterity (+4).
Jewellery
 t - a ring of poison resistance (left hand)
 v - an amulet of reflection (around neck)
 B - a ring of see invisible (right hand)
Wands
 k - a wand of flame (55)
 w - a wand of paralysis (5)
 A - a wand of charming (8)
 C - a wand of polymorph (13)
 H - a wand of iceblast (7)
Scrolls
 c - a scroll of vulnerability
 d - 2 scrolls of magic mapping
 f - 5 scrolls of amnesia
 g - 3 scrolls of immolation
 h - 10 scrolls of teleportation
 i - a scroll of fear
 o - 5 scrolls of fog
 y - 2 scrolls of enchant weapon
 F - a scroll of enchant armour
 N - a scroll of noise {unknown}
Potions
 e - 2 potions of attraction {unknown}
 j - 3 potions of flight {unknown}
 l - 4 potions of heal wounds
 m - 4 potions of haste
 q - 3 potions of brilliance {unknown}
 r - 4 potions of lignification
 s - 2 potions of ambrosia {unknown}
 u - 3 potions of curing {unknown}
 x - a potion of magic {unknown}
 I - 2 potions of mutation {unknown}
 J - a potion of cancellation {unknown}
 K - 2 potions of resistance {unknown}


   Skills:
 + Level 11.0 Fighting
 * Level 11.9 Long Blades
 + Level 10.4 Armour
 + Level 10.1 Dodging
 - Level 1.8 Stealth
 - Level 2.7 Spellcasting
 * Level 10.6 Invocations


You had 16 spell levels left.
You didn't know any spells.
Your spell library contained the following spells:

 Spells                   Type           Power      Damage    Failure   Level
 Magic Dart               Conj           0%         1d3       36%         1
 Blink                    Tloc           N/A        N/A       52%         2
 Call Imp                 Summ           0%         N/A       52%         2
 Corpse Rot               Necr/Air       N/A        N/A       52%         2
 Passwall                 Tmut/Erth      0%         N/A       52%         2
 Poisonous Vapours        Pois/Air       0%         N/A       52%         2
 Searing Ray              Conj           0%         3d3       52%         2
 Frozen Ramparts          Ice            0%         1d2       75%         3
 Mephitic Cloud           Conj/Pois/Air  0%         N/A       75%         3
 Ozocubu's Armour         Ice            0%         N/A       75%         3
 Stone Arrow              Conj/Erth      0%         3d7       75%         3
 Fulminant Prism          Conj/Hex       0%         3d6       98%         4
 Ice Form                 Ice/Tmut       0%         N/A       98%         4
 Petrify                  Tmut/Erth      0%         N/A       98%         4
 Summon Ice Beast         Ice/Summ       0%         N/A       98%         4
 Freezing Cloud           Conj/Ice/Air   0%         6-21      100%        5
 Metabolic Englaciation   Hex/Ice        0%         N/A       100%        5
 Silence                  Hex/Air        0%         N/A       100%        5
 Simulacrum               Ice/Necr       0%         N/A       100%        6
 Statue Form              Tmut/Erth      0%         N/A       100%        6


Dungeon Overview and Level Annotations

Branches:
Dungeon (11/15)            Temple (0/1) D:7            Lair (3/6) D:10
  Swamp (0/4) Lair:3       Spider (0/4) Lair:2        Sewer (visited)
  IceCv (1/1)
    Orc: D:9-12

Altars:
Cheibriados
Elyvilon
Fedhas
Ru

Shops:
D:10 (   D:11 ::

Annotations:
D:4 2 runed translucent doors, PeterLawrence's ghost, amateur MiFi
D:7 Harold


Innate Abilities, Weirdness & Mutations

You have a pair of horns on your head.
You reflexively headbutt those who attack you in melee.


Message History

You kill the ice beast!
You hit the ice statue but do no damage.
You headbutt the ice statue.
You destroy the ice statue!
Fedhas accepts your kill.
You start resting.
HP restored.
A troll simulacrum comes into view.
Found a scimitar of freezing.
You slash the troll simulacrum!
The troll simulacrum is severely damaged.
The troll simulacrum bites you. The troll simulacrum freezes you!
The troll simulacrum claws you. The troll simulacrum freezes you!
You block the troll simulacrum's attack.
The troll simulacrum misses you. You furiously retaliate!
You headbutt the troll simulacrum.
The troll simulacrum closely misses you.
The troll simulacrum claws you! The troll simulacrum freezes you!
You slash the troll simulacrum!
Lightning courses through the troll simulacrum!
The troll simulacrum vapourises!
Fedhas accepts your kill.
A cane toad simulacrum comes into view.
Found a pair of gloves.
A freezing wraith comes into view.
You hit the cane toad simulacrum.
Lightning courses through the cane toad simulacrum!!
The cane toad simulacrum vapourises!
Fedhas accepts your kill.
You completely miss the freezing wraith.
You block the freezing wraith's attack. The freezing wraith hits you!
The freezing wraith drains your vigour!
You feel yourself slow down. The freezing wraith hits you!
The freezing wraith freezes you!!
* * * LOW HITPOINT WARNING * * *
The freezing wraith barely misses you.
A briar patch grows up from the ground. x4; The freezing wraith hits you!
* * * LOW HITPOINT WARNING * * *
The freezing wraith freezes you!!
You die...
Fedhas appreciates your contribution to the ecosystem.

#### ##[.#
#)..## #....#
....## #....#
##W# #P@## .# #
###PPP##..#
##..#≈#.......#
#...≈≈...#...##
##..
....#≈≈#..#..##
#§.☼##
#≈##..####
#○§§. ###..##
#.☼#.# ##...#
#°○☼○ #...##


You could see a freezing wraith (ally target).

Vanquished Creatures
  2 hydras (Lair:2)
  A two-headed ogre (D:9)
  An ugly thing (D:11)
  Joseph (D:8)
  Maurice (D:8)
  A torpor snail (Lair:2)
  A black mamba (Lair:1)
  4 cane toads
  2 ice statues (IceCv)
  Maggie (D:8)
  3 komodo dragons
  An anaconda simulacrum (IceCv)
  2 ice devils (IceCv)
  A hornet (D:10)
  2 trolls
  Prince Ribbit (D:8)
  A shadow (D:10)
  4 wyverns
  A redback (Lair:2)
  48 yaks
  A basilisk (Lair:2)
  2 wraiths
  A steam dragon (D:8)
  Grum (D:8)
  Edmund (D:4)
  A harpy simulacrum (IceCv)
  2 water moccasins
  An acid dragon (D:11)
  Duvessa (D:7)
  An orc warrior (D:6)
  A hornet zombie (D:6)
  3 sky beasts
  2 necrophages
  2 black bears
  3 ice beasts
  5 ogres
  A wolf (D:8)
  3 centaurs
  3 phantoms
  7 kobold brigands
  2 bullfrogs
  A wyvern zombie (D:7)
  A cane toad simulacrum (IceCv)
  3 scorpions
  Dowan (D:7)
  5 killer bees
  An elephant simulacrum (IceCv)
  2 bullfrog zombies (D:6)
  4 centaur zombies
  4 hounds (D:5)
  An orc priest (D:4)
  A centaur skeleton (D:5)
  A gnoll shaman (D:6)
  Jessica (D:2)
  2 bullfrog skeletons
  2 iguanas
  2 orc wizards (D:4)
  2 troll simulacra (IceCv)
  A wolf simulacrum (IceCv)
  A killer bee zombie (D:9)
  2 hound skeletons (D:4)
  Robin (D:2)
  2 howler monkey zombies
  11 gnolls
  11 adders
  3 naga simulacra (IceCv)
  2 river rats (Sewer)
  2 white imps (IceCv)
  2 ufetubi
  6 worms
  4 dart slugs
  26 orcs
  13 ball pythons
  4 bats (D:2)
  8 endoplasms
  5 giant cockroaches
  15 goblins
  9 hobgoblins
  16 jackals
  7 quokkas
  7 frilled lizards
  19 kobolds
  6 rats
340 creatures vanquished.

Vanquished Creatures (collateral kills)
  2 yaks
  A wolf (D:8)
  An orc (D:3)
  A quokka (D:3)
  13 ballistomycete spores
18 creatures vanquished.

Vanquished Creatures (others)
  3 white imps (IceCv)
  A goblin (D:2)
  A ballistomycete spore (D:8)
  8 fungi
  10 plants
23 creatures vanquished.

Grand Total: 381 creatures vanquished

Notes
Turn   | Place    | Note
-------+----------+-------------------------------------------
     0 | D:1      | Anon1729 the Minotaur Monk began the quest for the Orb.
     0 | D:1      | Reached XP level 1. HP: 19/19 MP: 0/0
    73 | D:1      | Found a faded altar of an unknown god.
    91 | D:1      | Reached XP level 2. HP: 12/27 MP: 1/1
   746 | D:1      | Reached XP level 3. HP: 23/33 MP: 2/2
   932 | D:1      | Became a worshipper of Fedhas Madash
   932 | D:1      | Reached * piety under Fedhas
   932 | D:1      | Reached ** piety under Fedhas
   960 | D:2      | Found a snail-covered altar of Cheibriados.
   988 | D:2      | Noticed Robin
  1000 | D:2      | Reached skill level 1 in Armour
  1267 | D:2      | Reached *** piety under Fedhas
  1450 | D:2      | Killed Robin
  1901 | D:2      | Reached XP level 4. HP: 40/40 MP: 3/3
  2132 | D:2      | Noticed Jessica
  2139 | D:2      | Killed Jessica
  2232 | D:2      | Got Jessica's Guide on Dislocation
  2366 | D:2      | Reached **** piety under Fedhas
  2545 | D:3      | Reached XP level 5. HP: 38/47 MP: 2/5
  2564 | D:3      | Found a glowing drain.
  2611 | Sewer    | Entered a sewer
  2780 | Sewer    | Reached skill level 1 in Spellcasting
  3236 | Sewer    | Reached skill level 5 in Long Blades
  3236 | Sewer    | Reached XP level 6. HP: 26/55 MP: 6/6
  3488 | Sewer    | Reached skill level 5 in Fighting
  4760 | Sewer    | Reached XP level 7. HP: 32/61 MP: 8/8
  5254 | D:3      | Reached ***** piety under Fedhas
  5469 | D:3      | Reached skill level 5 in Dodging
  7052 | D:4      | Reached XP level 8. HP: 70/70 MP: 10/10
  7151 | D:4      | Noticed Edmund
  7166 | D:4      | Killed Edmund
  7435 | D:4      | Found a large runed translucent door.
  7435 | D:4      | Found a large runed translucent door.
  7443 | D:4      | Reached skill level 5 in Armour
  7721 | D:4      | Noticed PeterLawrence's ghost (amateur MiFi)
  7746 | D:5      | Entered Level 5 of the Dungeon
  8159 | D:5      | Reached skill level 1 in Invocations
  9218 | D:5      | Reached XP level 9. HP: 44/79 MP: 12/12
 10601 | D:6      | Reached ****** piety under Fedhas
 11491 | D:7      | Noticed Harold
 12311 | D:7      | Noticed Dowan
 12312 | D:7      | Noticed Duvessa
 12333 | D:7      | Killed Dowan
 12336 | D:7      | Killed Duvessa
 12337 | D:7      | Reached skill level 5 in Invocations
 12502 | D:7      | Found a staircase to the Ecumenical Temple.
 13097 | D:7      | Identified the +1 leather armour of the Bulwark {rElec
                  | Dex+5 Stlth-}
 13656 | D:7      | Reached XP level 10. HP: 28/88 MP: 9/13
 14500 | D:8      | Noticed Joseph
 14531 | D:8      | Killed Joseph
 15037 | D:8      | Noticed Prince Ribbit
 15038 | D:8      | Noticed Grum
 15087 | D:8      | Noticed Maurice
 15390 | D:8      | Killed Maurice
 15401 | D:8      | Killed Prince Ribbit
 15406 | D:8      | Killed Grum
 15629 | D:8      | Noticed Maggie
 15667 | D:8      | Killed Maggie
 15849 | D:9      | Found a white marble altar of Elyvilon.
 16756 | D:9      | Reached XP level 11. HP: 60/97 MP: 15/15
 17463 | D:9      | Noticed a two-headed ogre
 17474 | D:9      | Killed a two-headed ogre
 17809 | D:10     | Entered Level 10 of the Dungeon
 17903 | D:10     | Found Okkixze's Weapon Shoppe.
 18396 | D:10     | Paralysed by a hornet for 3 turns
 18645 | D:10     | Found a staircase to the Lair.
 18894 | D:10     | Reached skill level 10 in Long Blades
 19022 | D:10     | Reached skill level 10 in Fighting
 19551 | D:11     | Noticed a green ugly thing
 19551 | D:11     | Noticed a skeletal warrior
 19557 | D:11     | Noticed a skeletal warrior
 19566 | D:11     | Killed a green ugly thing
 19875 | D:11     | Found Pyjoets's Book Boutique.
 20047 | D:11     | Found Viupin's Book Shop.
 20063 | D:11     | Noticed a skeletal warrior
 20063 | D:11     | Noticed a skeletal warrior
 20063 | D:11     | Noticed a skeletal warrior
 20135 | Lair:1   | Entered Level 1 of the Lair of Beasts
 20150 | Lair:1   | Got Givodew's Grimoire of Ashen Feathers
 21180 | Lair:2   | Noticed a five-headed hydra
 21187 | Lair:2   | Killed a five-headed hydra
 21188 | Lair:2   | Reached XP level 12. HP: 90/107 MP: 18/18
 21873 | Lair:2   | Identified the +2 pair of boots "Axomecho" {Dex+4}
 22012 | Lair:1   | Reached skill level 10 in Invocations
 22241 | Lair:2   | Found a sacrificial altar of Ru.
 22249 | Lair:2   | Reached skill level 10 in Armour
 22309 | Lair:2   | Noticed a five-headed hydra
 22337 | Lair:2   | HP: 2/108 [five-headed hydra (5)]
 22357 | Lair:2   | Killed a five-headed hydra
 22745 | Lair:2   | Identified a scroll of acquirement
 22756 | Lair:2   | Found a hole to the Spider Nest.
 22817 | Lair:2   | Reached skill level 10 in Dodging
 23259 | Lair:3   | Acquired 914 gold pieces
 23261 | Lair:3   | Acquired a +2 triple sword of electrocution
 23343 | Lair:3   | Found a frozen archway.
 23352 | IceCv    | Entered an ice cave
 24666 | IceCv    | Slain by a freezing wraith

Illustrated notes

Levels and vault maps discovered:
D:1:      heliophobic_arrival_battle_scene, layout_basic,
          hellmonk_ecumenical_altar_blasted, serial_bayou_lagoon_a
D:2:      layout_loops_cross, basic_altar, kennysheep_jessica_study, uniq_robin
D:3:      layout_loops_cross, gup_sewer_entry_pipe, serial_bayou_pond_e,
          grunt_ministairs_9, grunt_decor_mini_mirrors,
          chequers_serial_rivers_micro_a
D:4:      minmay_opposing_rooms, layout_cave_pools, ebering_ghost_disaster_area,
          serial_park, serial_park_tiny_1, serial_park_tiny_2, uniq_edmund
D:5:      layout_loops_corners, amcnicky_mini_pool_small, minmay_holes
D:6:      layout_cave_pools
D:7:      layout_basic, minmay_temple_entry_ruins, serial_glass,
          glass_columns_b, glass_columns_b, uniq_duvessa, uniq_harold
D:8:      layout_basic, chequers_mini_garden, hangedman_decor_slide_cut,
          uniq_maurice, uniq_joseph, uniq_prince_ribbit1, uniq_maggie, uniq_grum
D:9:      layout_basic, elyvilon_altar_4, lightli_orcish_oven
D:10:     layout_loops_cross, lair_entry_dummy, serial_shops,
          nicolae_square_shop
D:11:     layout_roguey, david_orc_1_choice, serial_shops, shop, shop,
          nicolae_inconvenience_store, nicolae_diamond_shop, nicolae_square_shop
Lair:1:   layout_chaotic_city
Lair:2:   layout_misc_corridors, spider_nest_entry_a, basic_altar
Lair:3:   layout_hall_layers, skrybe_swamp_entry_bodies,
          portal_ice_cave_entry_pillars_1
IceCv:    ice_cave_small_demon

Skill      XL: |  1  2  3  4  5  6  7  8  9 10 11 12 |
---------------+-------------------------------------+-----
Long Blades    | 4 5 6 7 8 9 10 11 | 11.9
Fighting       | 4 5 6 7 8 9 10 11 | 11.0
Armour         | 1 2 3 4 5 7 8 9 10 | 10.4
Dodging        | 4 5 6 7 8 9 10 | 10.1
Spellcasting   | 1 2 |  2.7
Invocations    | 3 5 7 9 10 | 10.6
Stealth        | |  1.8

Action                   |  1- 3 |  4- 6 |  7- 9 | 10-12 || total
-------------------------+-------+-------+-------+-------++-------
Melee: Falchion          |    90 |   151 |   465 |    66 ||   772
       Headbutt          |    13 |    20 |   122 |   176 ||   331
       Short sword       |       |       |       |   469 ||   469
       Triple sword      |       |       |       |    48 ||    48
Invok: Wall of Briars    |       |     1 |     2 |     8 ||    11
       Grow Ballistomyce |       |       |     1 |     3 ||     4
Evoke: Wand              |       |     9 |       |     7 ||    16
  Use: Scroll            |       |       |     6 |     9 ||    15
       Potion            |       |       |       |     2 ||     2
 Stab: Sleeping          |     3 |     1 |     5 |       ||     9
       Distracted        |       |       |     2 |     1 ||     3
       Paralysed         |       |       |       |     4 ||     4
       Confused          |       |       |       |     1 ||     1
Armor: Robe              |    20 |    19 |    41 |       ||    80
       Leather armour    |       |       |     3 |    88 ||    91
Dodge: Dodged            |    87 |    86 |   273 |   373 ||   819
Block: Other             |       |       |    71 |   107 ||   178
       Reflection        |       |       |     1 |     9 ||    10
       Rpst.: Falchion   |    20 |    25 |    84 |    11 ||   140
       Triple sword      |       |       |       |     7 ||     7

Table legend: (Time is in decaauts)
 A = Elapsed time spent in this place.
 B = Non-inter-level travel time spent in this place.
 C = Inter-level travel time spent in this place.
 D = Time resting spent in this place.
 E = Time spent auto-exploring this place.
 F = Levels seen in this place.
 G = Mean time per level.
                   A        B        C        D        E       F      G
               +--------+--------+--------+--------+--------+-----+--------+
         Total |  24867 |  24254 |    613 |   9538 |  11403 |  16 | 1554.2 |
       Dungeon |  17841 |  17293 |    548 |   6157 |   8742 |  11 | 1621.9 |
          Lair |   3208 |   3143 |     65 |   1172 |   1541 |   3 | 1069.3 |
         Sewer |   2490 |   2490 |      0 |   1071 |   1067 |   1 | 2490.0 |
      Ice Cave |   1327 |   1327 |      0 |   1138 |     52 |   1 | 1327.0 |
               +--------+--------+--------+--------+--------+-----+--------+

Top non-repeatable levels by time:
   Sewer: 2490 daAuts
     D:7: 2441 daAuts
     D:5: 2245 daAuts
     D:8: 2163 daAuts
  Lair:1: 1940 daAuts
    D:10: 1637 daAuts
     D:9: 1596 daAuts
     D:6: 1591 daAuts
     D:1: 1589 daAuts
     D:3: 1440 daAuts
     D:4: 1369 daAuts
   IceCv: 1327 daAuts
  Lair:2: 1219 daAuts
     D:2: 1075 daAuts
    D:11: 691 daAuts
